 Dungeon Crawl Stone Soup version 0.25-a0-279-g53730b6a6f (webtiles) character file.

Game seed: 2598934353375699009, levelgen mode: deterministic

10362 Gargoyl the Protected (level 11, 0/89 HPs)
             Began as a Centaur Abyssal Knight on Dec 9, 2019.
             Was a Priest of Lugonu.
             Succumbed to a black mamba's poison
             ... on level 3 of the Lair of Beasts on Dec 10, 2019.
             The game lasted 00:23:49 (18437 turns).

Gargoyl the Protected (Centaur Abyssal Knight)     Turns: 18437, Time: 00:23:50

Health: 0/89       AC: 21    Str: 16    XL:     11   Next: 35%
Magic:  13/16      EV: 17    Int: 11    God:    Lugonu [***...]
Gold:   618        SH:  3    Dex: 11    Spells: 10/10 levels left

rFire    . . .     SeeInvis .   A - +2 war axe (chop)
rCold    . . .     Gourm    .   H - +0 buckler {rN+}
rNeg     + . .     Faith    .   e - +1 plate armour
rPois    .         Spirit   .   l - +0 helmet
rElec    .         Reflect  .   n - +0 cloak
rCorr    .         Harm     .   (no gloves)
MR       .....                  E - +0 centaur barding
Stlth    ..........             i - amulet of the acrobat
HPRegen  0.24/turn              o - ring of stealth
MPRegen  0.15/turn              (no ring)

@: lethally poisoned (0 -> -4), acrobat, very quick
A: large, hooves 3, deformed body, speed 2, tough skin 3
a: Depart the Abyss, Bend Space, Banish, Renounce Religion


You were on level 3 of the Lair of Beasts.
You worshipped Lugonu.
Lugonu was most pleased with you.
You were not hungry.

You visited 2 branches of the dungeon, and saw 12 of its levels.
You visited the Abyss 1 time.

You collected 618 gold pieces.

Inventory:

Hand Weapons
 a - a +1 hand axe
 w - a +4 falchion
 A - a +2 war axe of chopping (weapon)
Missiles
 B - 3 javelins (quivered)
Armour
 e - a +1 plate armour (worn)
 l - a +0 helmet (worn)
 m - a +0 scale mail of cold resistance
 n - a +0 cloak (worn)
 E - a +0 centaur barding (worn)
 H - a +0 buckler of positive energy (worn)
Jewellery
 i - an amulet of the acrobat (around neck)
 o - a ring of stealth (left hand)
 t - an uncursed ring of ice
Wands
 f - a wand of disintegration (1)
 u - a wand of flame (13)
 D - a wand of random effects (11)
 G - a wand of iceblast (10)
Scrolls
 d - 5 scrolls of identify
 g - a scroll of fear
 j - a scroll of brand weapon {unknown}
 k - 2 scrolls of magic mapping
 p - 4 scrolls of enchant armour
 r - 7 scrolls of remove curse
 s - 5 scrolls of fog
 x - 5 scrolls of teleportation
 y - a scroll of blinking
 J - 3 scrolls of enchant weapon {unknown}
 L - a scroll of silence {unknown}
Potions
 b - 2 potions of invisibility
 h - 2 potions of haste
 q - a potion of might
 v - 3 potions of resistance {unknown}
 z - 2 potions of cancellation {unknown}
 C - a potion of brilliance {unknown}
 F - a potion of mutation {unknown}
Comestibles
 c - 16 rations


   Skills:
 + Level 6.2 Fighting
 + Level 3.5 Long Blades
 + Level 7.5 Axes
 + Level 0.7 Throwing
 * Level 8.4 Armour
 * Level 5.2 Dodging
 + Level 0.9 Shields
 * Level 7.9 Invocations
 + Level 0.6 Evocations


You had 10 spell levels left.
You didn't know any spells.
Your spell library contained the following spells:

 Spells                   Type           Power        Failure   Level  Hunger
 Apportation              Tloc           #.....       100%        1    ##.....
 Freeze                   Ice            #...         100%        1    ##.....
 Summon Butterflies       Summ           #.......     100%        1    ##.....
 Summon Small Mammal      Summ           #...         100%        1    ##.....
 Call Imp                 Summ           #.......     100%        2    ###....
 Corpse Rot               Necr/Air       N/A          100%        2    ###....
 Sublimation of Blood     Necr           #.........   100%        2    ###....
 Call Canine Familiar     Summ           #.......     100%        3    ####...
 Lesser Beckoning         Tloc           #.........   100%        3    ####...
 Ozocubu's Armour         Chrm/Ice       #.......     100%        3    ####...
 Summon Guardian Golem    Hex/Summ       #.......     100%        3    ####...
 Tukima's Dance           Hex            #.......     100%        3    ####...
 Hailstorm                Conj/Ice       #.......     100%        4    #####..
 Summon Ice Beast         Ice/Summ       #.......     100%        4    #####..
 Summon Lightning Spire   Summ/Air       #.......     100%        4    #####..
 Agony                    Necr           #.......     100%        5    ######.
 Alistair's Intoxication  Tmut/Pois      #.......     100%        5    ######.
 Dispel Undead            Necr           #.......     100%        5    ######.
 Excruciating Wounds      Chrm/Necr      #.........   100%        5    ######.
 Invisibility             Hex            #.......     100%        6    #######


Dungeon Overview and Level Annotations

Branches:
Dungeon (9/15)             Temple (0/1) D:4            Lair (3/6) D:9
    Orc (0/2) D:9
  Swamp: Lair:2-4    Shoals: Lair:2-4     Snake: Lair:2-4    Spider: Lair:2-4

Altars:
Cheibriados
Dithmenos
Elyvilon
Fedhas
Makhleb
Nemelex Xobeh
Okawaru
Qazlal
Ru
Sif Muna
Vehumet
Xom
Zin
The Shining One

Annotations:
D:8 1 runed translucent door, terminal's ghost, journeyman MiFi
D:9 3 runed translucent doors, Nagy's ghost, novice GrFi
Lair:1 2 transporters, Scypier's ghost, journeyman TrMo


Innate Abilities, Weirdness & Mutations

You have hooves in place of feet.
Armour fits poorly on your strangely shaped body.
You cover ground very quickly.
You have extremely tough skin. (AC +3)


Message History

You feel sick. You block the komodo dragon's attack.
You hit the komodo dragon. You kick the komodo dragon.
The komodo dragon is heavily wounded.
You feel sick. The komodo dragon bites you!
You hit the komodo dragon. Your kick misses the komodo dragon.
The komodo dragon is severely wounded.
You feel sick. You block the komodo dragon's attack.
The komodo dragon bites you!
You hit the komodo dragon but do no damage.
The komodo dragon is severely wounded.
You feel sick. The komodo dragon bites you!!
* * * LOW HITPOINT WARNING * * *
You hit the komodo dragon.
The komodo dragon is severely wounded.
* * * LOW HITPOINT WARNING * * *
You feel sick. The komodo dragon bites you.
* * * LOW HITPOINT WARNING * * *
* * * LOW HITPOINT WARNING * * *
You feel sick.
You die...

%.........P.###.........
.........#.....#........
........P..............
.............P........
.###..#.............P#
......#..#....##.....#
....................##
...^..#.P..#.#...<...#
... #@######......##
#P.#.+##.# #......#
.........## #.......#
........l.# #..?....##
..........# #.......#
.........#.# ##......#
............. ........
..............
...####.........


You could see a komodo dragon.

Vanquished Creatures
  A black mamba (Lair:2)
  A spiny frog (Lair:2)
  2 rime drakes (Lair:1)
  2 komodo dragons (Lair:2)
  5 hippogriffs
  A blink frog (shapeshifter) (D:9)
  A wraith (D:7)
  3 basilisks
  A wyvern (Lair:2)
  A hungry ghost (D:9)
  2 water moccasins
  3 porcupines
  An orc warrior (D:6)
  2 ice beasts
  A sky beast (D:9)
  5 ogres
  5 wolves (Lair:1)
  3 crocodiles
  A centaur (D:8)
  2 big kobolds
  12 bullfrogs
  A wyvern skeleton (D:9)
  A scorpion (D:6)
  4 wights
  3 killer bees (D:7)
  An electric eel (D:8)
  4 howler monkeys
  6 crimson imps
  A bullfrog zombie (D:6)
  5 hounds
  5 jellies
  3 orc priests
  3 centaur skeletons
  Ijyb (D:3)
  3 iguanas
  8 orc wizards
  2 worker ants
  A worker ant zombie (D:8)
  13 gnolls
  14 adders
  An ooze (D:1)
  An adder zombie (D:7)
  5 adder skeletons
  2 worms
  A dart slug (D:3)
  3 leopard geckos (D:1)
  35 orcs
  3 ball pythons
  8 bats
  7 giant cockroaches
  10 goblins
  7 hobgoblins
  8 jackals
  4 quokkas
  9 frilled lizards
  14 kobolds
  A leopard gecko skeleton (D:5)
  A leopard gecko zombie (D:7)
  A quokka zombie (D:8)
  9 rats
264 creatures vanquished.

Vanquished Creatures (others)
  A hydra (Lair:2)
  A black mamba (Lair:3)
  3 komodo dragons (Lair:2)
  A vampire (D:9)
  An ice beast (D:9)
  An electric eel (D:8)
  5 fungi (Lair:2)
  2 starspawn tentacles (Abyss:2)
15 creatures vanquished.

Grand Total: 279 creatures vanquished

Notes
Turn   | Place    | Note
-------+----------+-------------------------------------------
     0 | Abyss:1  | Gargoyl the Centaur Abyssal Knight began the quest for the
                  | Orb.
     0 | Abyss:1  | Reached XP level 1. HP: 19/19 MP: 2/2
    44 | Abyss:2  | Noticed a tentacled starspawn
    78 | Abyss:2  | Noticed a raiju
    83 | D:1      | Escaped the Abyss
   616 | D:1      | Reached XP level 2. HP: 23/26 MP: 3/3
   644 | D:1      | Found an iron altar of Okawaru.
   650 | D:1      | Reached * piety under Lugonu
   943 | D:1      | Reached XP level 3. HP: 14/31 MP: 4/4
  1120 | D:1      | Reached skill level 1 in Dodging
  2185 | D:2      | Reached skill level 2 in Armour
  2185 | D:2      | Reached XP level 4. HP: 38/38 MP: 5/5
  2205 | D:2      | Noticed a bullfrog
  2213 | D:2      | Killed a bullfrog
  2348 | D:2      | Found a stormy altar of Qazlal.
  2396 | D:2      | Reached ** piety under Lugonu
  2429 | D:2      | Reached XP level 5. HP: 45/45 MP: 5/7
  2937 | D:3      | You fall into a shaft and drop 3 floors!
  2981 | D:6      | Noticed an ice beast
  2986 | D:5      | Entered Level 5 of the Dungeon
  3255 | D:6      | Reached skill level 3 in Armour
  3255 | D:6      | Reached XP level 6. HP: 12/52 MP: 8/8
  4607 | D:3      | Noticed Ijyb
  4625 | D:3      | Paralysed by Ijyb for 2 turns
  4904 | D:3      | Paralysed by Ijyb for 3 turns
  4912 | D:3      | Paralysed by Ijyb for 5 turns
  4923 | D:3      | Killed Ijyb
  5250 | D:4      | You fall into a shaft and drop 1 floor!
  5461 | D:4      | Reached XP level 7. HP: 45/59 MP: 9/9
  5638 | D:4      | Reached *** piety under Lugonu
  5810 | D:4      | Found a radiant altar of Vehumet.
  5928 | D:4      | Found a staircase to the Ecumenical Temple.
  6459 | D:5      | Found a burning altar of Makhleb.
  6585 | D:6      | Reached skill level 4 in Armour
  6615 | D:6      | Found a shimmering blue altar of Sif Muna.
  6616 | D:6      | Found a glowing golden altar of the Shining One.
  6910 | D:6      | Reached XP level 8. HP: 38/66 MP: 9/11
  6943 | D:6      | Found a sacrificial altar of Ru.
  6945 | D:6      | Found a snail-covered altar of Cheibriados.
  7216 | D:6      | Found a white marble altar of Elyvilon.
  7216 | D:6      | Found a shadowy altar of Dithmenos.
  8307 | D:7      | Reached skill level 5 in Axes
  8307 | D:7      | Reached skill level 5 in Armour
  9067 | D:7      | Reached **** piety under Lugonu
  9067 | D:7      | Reached skill level 1 in Long Blades
  9437 | D:7      | Reached XP level 9. HP: 33/73 MP: 12/12
  9964 | D:7      | Reached skill level 5 in Invocations
 10091 | D:7      | Reached skill level 5 in Fighting
 10682 | D:7      | Found a sparkling altar of Nemelex Xobeh.
 10727 | D:7      | Found a stormy altar of Qazlal.
 11208 | D:8      | Reached skill level 6 in Armour
 11377 | D:8      | Found a glowing silver altar of Zin.
 11910 | D:8      | Found a blossoming altar of Fedhas.
 12433 | D:8      | Found a runed translucent door.
 12457 | D:8      | Found a shimmering altar of Xom.
 12457 | D:8      | Noticed a +2 short sword of chaos
 12457 | D:8      | Noticed terminal's ghost (journeyman MiFi)
 12675 | D:8      | Noticed a two-headed ogre
 12714 | D:8      | Banished a two-headed ogre
 13024 | D:9      | Reached XP level 10. HP: 32/81 MP: 14/14
 13361 | D:8      | Upgraded the game from 0.25-a0-277-g7046ed1b37 to
                  | 0.25-a0-279-g53730b6a6f
 13657 | D:9      | Reached skill level 7 in Armour
 13764 | D:9      | Found a runed translucent gate.
 13764 | D:9      | Found a runed translucent gate.
 13764 | D:9      | Found a runed translucent gate.
 13943 | D:9      | Noticed Nagy's ghost (novice GrFi)
 13947 | D:9      | Noticed a deep elf knight
 14220 | D:9      | Found a staircase to the Orcish Mines.
 14361 | D:9      | Found a staircase to the Lair.
 14504 | Lair:1   | Entered Level 1 of the Lair of Beasts
 15071 | Lair:1   | Found a transporter.
 15073 | Lair:1   | Found a transporter.
 15073 | Lair:1   | Noticed Scypier's ghost (journeyman TrMo)
 15972 | Lair:2   | Noticed a four-headed hydra
 15976 | Lair:2   | Reached XP level 11. HP: 87/89 MP: 16/16
 15980 | Lair:2   | Banished a four-headed hydra
 16152 | Lair:2   | Reached skill level 8 in Armour
 16183 | Lair:2   | Reached skill level 5 in Dodging
 18434 | Lair:3   | HP: 2/89 [komodo dragon (4)]
 18437 | Lair:3   | Succumbed to a black mamba's poison

Levels and vault maps discovered:
D:1:      eino_arrival_druids_welcome, layout_loops_ring,
          okawaru_ov_weapons_minmay
D:2:      layout_basic, first_ration, grunt_qazlal_sundering
D:3:      layout_rooms, uniq_ijyb
D:4:      layout_rooms, lemuel_coloured_pillars_altar,
          minmay_temple_entry_gardened_gates
D:5:      minmay_evil_eye, layout_loops_cross, makhleb_grotto_becter,
          cheibrodos_sewer_entry_sluice, serial_bayou_pond_c, minivault_24
D:6:      layout_rooms, minitemple, grunt_temple_overflow_open
D:7:      layout_basic, kennysheep_little_box, kennysheep_mini
D:8:      layout_loops_ring, lemuel_doored_altar, old_standard_altar,
          ebering_ghost_xom, serial_bayou_ford_a
D:9:      layout_rooms, lair_entry_dummy, orc_0_dummy, gammafunk_ghost_split,
          grunt_ogre_cave, small_chamber_with_monster
Lair:1:   layout_cave_shapes, gammafunk_ghost_arena, portal_ice_cave_rime
Lair:2:   layout_loops_ring, beast_lair_carwin_9, infiniplex_staircase_pool
Lair:3:   layout_chaotic_city, guppyfry_snake_entry_island, serial_bayou_shore_b

Skill      XL: |  1  2  3  4  5  6  7  8  9 10 11 |
---------------+----------------------------------+-----
Dodging        | 1 2 3 4 5 |  5.2
Axes           | 2 3 4 5 6 7 |  7.5
Armour         | 2 3 4 5 6 7 8 |  8.4
Invocations    | 3 4 6 7 |  7.9
Fighting       | 4 5 6 |  6.2
Long Blades    | 1 3 |  3.5
Throwing       | |  0.7
Shields        | |  0.9
Evocations     | |  0.6

Action                   |  1- 3 |  4- 6 |  7- 9 | 10-12 || total
-------------------------+-------+-------+-------+-------++-------
Melee: Hand axe          |   157 |   221 |   212 |       ||   590
       Kick              |    19 |    46 |   128 |    62 ||   255
       Falchion          |       |       |   258 |       ||   258
       War axe           |       |       |    95 |   276 ||   371
       Demon blade       |       |       |       |    12 ||    12
Throw: Javelin           |       |       |     7 |       ||     7
Invok: Depart the Abyss  |     1 |       |       |       ||     1
       Bend Space        |       |     1 |       |       ||     1
       Banish            |       |       |     3 |     9 ||    12
Evoke: Wand              |     4 |     1 |     3 |       ||     8
  Use: Scroll            |     3 |     6 |     7 |     2 ||    18
       Potion            |       |     3 |     7 |     3 ||    13
  Eat: Chunk             |     3 |     9 |    17 |    10 ||    39
       Ration            |       |       |     2 |     6 ||     8
Armor: Plate armour      |   145 |   229 |   438 |   314 ||  1126
       Skin              |       |       |    96 |       ||    96
Dodge: Dodged            |    18 |    66 |   161 |    51 ||   296
Block: Buckler           |       |       |       |    42 ||    42
       Rpst.: Falchion   |       |       |    28 |       ||    28
       Demon blade       |       |       |       |     1 ||     1

Table legend:
 A = Non-vault XP
 B = Vault XP
 C = Vault XP percentage of total XP
 D = Non-vault monster count
 E = Vault monster count
 F = Vault count percentage of total count
                 A         B        C        D         E       F
            +---------+---------+-------+---------+---------+-------
      Total |   11532 |    3272 |  22.1 |     257 |      16 |   5.9
            +---------+---------+-------+---------+---------+-------
        D:1 |      62 |       0 |   0.0 |      31 |       0 |   0.0
        D:2 |     163 |       0 |   0.0 |      23 |       0 |   0.0
        D:3 |     141 |      36 |  20.3 |      24 |       1 |   4.0
        D:4 |     202 |       0 |   0.0 |      16 |       0 |   0.0
        D:5 |     232 |      54 |  18.9 |       8 |       4 |  33.3
        D:6 |    1255 |       0 |   0.0 |      31 |       0 |   0.0
        D:7 |    1315 |       0 |   0.0 |      40 |       0 |   0.0
        D:8 |    2606 |       0 |   0.0 |      39 |       0 |   0.0
        D:9 |    1319 |     362 |  21.5 |      21 |       2 |   8.7
     Lair:1 |    1903 |     899 |  32.1 |      14 |       3 |  17.6
     Lair:2 |    2030 |    1921 |  48.6 |       9 |       6 |  40.0
     Lair:3 |     304 |       0 |   0.0 |       1 |       0 |   0.0
            +---------+---------+-------+---------+---------+-------
